 Dungeon Crawl Stone Soup version 0.22-a0-362-g535178c (webtiles) character file.

51 Kairos the Shield-Bearer (level 3, -2/19 HPs)
             Began as a Vine Stalker Fighter on Apr 19, 2018.
             Was an Initiate of Okawaru.
             Slain by Crazy Yiuf
             ... wielding a +2 quarterstaff of chaos
              (4 damage)
             ... on level 2 of the Dungeon.
             The game lasted 00:02:23 (1357 turns).

Kairos the Shield-Bearer (Vine Stalker Fighter)     Turns: 1357, Time: 00:02:24

Health: -2/19      AC:  7    Str: 18    XL:     3   Next: 81%
Magic:  0/4        EV:  7    Int:  9    God:    Okawaru [......]
Gold:   74         SH:  9    Dex: 13    Spells: 2/2 levels left

rFire    . . .     SeeInvis .   m - +1 whip (drain)
rCold    . . .     Gourm    .   c - +0 shield
rNeg     . . .     Faith    .   b - +0 scale mail
rPois    .         Spirit   +   (no helmet)
rElec    .         Reflect  .   j - +0 cloak
rCorr    +         Harm     .   (no gloves)
MR       .....                  (no boots)
Stlth    ..........             (no amulet)
HPRegen  0.06/turn              q - ring of resist corrosion
MPRegen  0.09/turn              (no ring)

@: drained
A: fangs 2, magic shield, antimagic bite, no potion heal 3, rot immunity
a: Renounce Religion


You were on level 2 of the Dungeon.
You worshipped Okawaru.
Okawaru was noncommittal.
You were hungry.

You visited 1 branch of the dungeon, and saw 2 of its levels.

You collected 74 gold pieces.

Inventory:

Hand Weapons
 a - a +0 war axe
 m - a +1 whip of draining (weapon)
Armour
 b - a +0 scale mail (worn)
 c - a +0 shield (worn)
 j - a +0 cloak (worn)
Jewellery
 q - a ring of resist corrosion (left hand)
Wands
 x - a wand of acid (11)
Scrolls
 e - 2 scrolls of remove curse
 g - a scroll of enchant weapon {unknown}
 k - 3 scrolls of enchant armour {unknown}
 l - 2 scrolls of magic mapping {unknown}
 n - a scroll of blinking {unknown}
 p - 2 scrolls of noise {unknown}
 r - 2 scrolls of fog {unknown}
 s - a scroll of identify {unknown}
 u - a scroll of teleportation {unknown}
 v - a scroll of fear {unknown}
Potions
 d - 2 potions of might
 h - 2 potions of heal wounds {unknown}
 i - a potion of curing {unknown}
 o - a potion of haste {unknown}
 t - a potion of agility {unknown}
 w - a potion of flight {unknown}
Comestibles
 f - a ration


   Skills:
 + Level 2.9(2.5) Fighting
 + Level 2.0(1.7) Axes
 + Level 0.8(1.1) Maces & Flails
 + Level 2.8(2.4) Armour
 + Level 3.3(2.9) Shields


You had 2 spell levels left.
You didn't know any spells.

Dungeon Overview and Level Annotations

Branches:
Dungeon (2/15)

Altars:
Okawaru
Sif Muna

Annotations:
D:2 Crazy Yiuf


Innate Abilities, Weirdness & Mutations

You have extremely sharp teeth.
When hurt, damage is shared between your health and your magic reserves.
Your bite disrupts and absorbs the magic of your enemies.
Potions cannot restore your health.
You are immune to rotting.


Message History

Your shield and scale mail prevent you from hitting Crazy Yiuf.
Your bite misses Crazy Yiuf.
Crazy Yiuf is lightly wounded.
Crazy Yiuf barely misses you.
Aiming: Corrosive Bolt
Press: ? - help, Shift-Dir - straight line, f - Crazy Yiuf
Aim: Crazy Yiuf, wielding a quarterstaff of chaos and wearing a cloak (lightly wounded)
The bolt of acid hits Crazy Yiuf.
Crazy Yiuf is splashed with acid.
Crazy Yiuf is severely wounded.
Crazy Yiuf hits you with a quarterstaff of chaos.
You hit Crazy Yiuf but do no damage. You bite Crazy Yiuf. You drain his power.
You feel invigorated.
Crazy Yiuf is almost dead.
Crazy Yiuf hits you but does no damage.
You are electrocuted!
Ouch! That really hurt!
* * * LOW HITPOINT WARNING * * *
You closely miss Crazy Yiuf.
Crazy Yiuf is almost dead.
Crazy Yiuf hits you with a quarterstaff of chaos.
You die...

###..........# ##..#######.###
.............#
#(....##......##
..#..>.......#
#.###.#........##
..#.......#### ###
#######.....# #........(#
#.....# ###.......#
#######(....# ..........# ####
###.#.P.......# ..........#
#...##..#..P.......#
.#.#÷##...#
#..g@.####P.......##
...#......# #)..###
###.......# .####.....# ####
###.....# ....÷.....# #.....#
..........# #.....#
#####.....#########
#####....)#
................#.#
#.........#
#####.......#.....#
#.........#
###.##...######.####.#.......#


You could see Crazy Yiuf.

Vanquished Creatures
  An ooze (D:2)
  A dart slug (D:2)
  2 leopard geckos (D:1)
  A ball python (D:1)
  4 giant cockroaches (D:1)
  7 goblins
  4 hobgoblins
  4 jackals (D:2)
  2 kobolds
  6 bats
  2 frilled lizards
  4 rats
  2 fungi (D:2)
40 creatures vanquished.

Notes
Turn   | Place    | Note
-------+----------+-------------------------------------------
     0 | D:1      | Kairos the Vine Stalker Fighter began the quest for the Orb.
     0 | D:1      | Reached XP level 1. HP: 11/11 MP: 2/2
   119 | D:1      | Found an iron altar of Okawaru.
   135 | D:1      | Reached XP level 2. HP: 15/16 MP: 3/3
   137 | D:1      | Became a worshipper of Warmaster Okawaru
   231 | D:1      | Found a deep blue altar of Sif Muna.
   450 | D:1      | Reached skill level 3 in Shields
   588 | D:1      | Reached XP level 3. HP: 17/19 MP: 4/4
  1346 | D:2      | Found a runed door.
  1350 | D:2      | Noticed Crazy Yiuf
  1357 | D:2      | Slain by Crazy Yiuf

Vault maps used:
D:1:      nzn_arrival_depleted_hourglass, serial_bayou, serial_bayou_pond_d,
          serial_bayou_pond_d, serial_bayou_crossing, serial_bayou_lake_a,
          kennysheep_flooded_box, hangedman_decor_growths, serial_bayou_pond_c,
          okawaru_ov_weapons_minmay
D:2:      uniq_crazy_yiuf_cottage

Skill      XL: |  1  2 |
---------------+-------+-----
Shields        | 3 |  3.3
Axes           | 2 |  2.0
Fighting       | |  2.9
Maces & Flails | |  0.8
Armour         | |  2.8

Action                   || total
-------------------------++-------
Melee: War axe           ||    48
       Bite              ||    40
       Whip              ||    91
Evoke: Wand              ||     1
  Use: Scroll            ||     1
  Eat: Chunk             ||     1
Armor: Scale mail        ||    60
Dodge: Dodged            ||    32
Block: Shield            ||    70

Table legend:
 A = Spawn XP
 B = Non-spawn XP
 C = Spawn XP percentage of total XP
 D = Spawn monster count
 E = Non-spawn monster count
 F = Spawn count percentage of total count
 G = Total turns spent on level
                    A         B        C        D         E        F      G
               +---------+---------+-------+---------+---------+-------+---------
         Total |       0 |      73 |   0.0 |       0 |      38 |   0.0 |  1357
               +---------+---------+-------+---------+---------+-------+---------
           D:1 |       0 |      37 |   0.0 |       0 |      20 |   0.0 |   859
           D:2 |       0 |      36 |   0.0 |       0 |      18 |   0.0 |   498
               +---------+---------+-------+---------+---------+-------+---------
